 Seeded DCSS version 0.27.1 (webtiles) character file.

Game seed: 8893020885526710985 (custom seed)

300 voltaire321 the Covered (level 6, -17/55 HPs)
             Began as a Minotaur Fighter on Aug 30, 2021.
             Demolished by an ogre (28 damage)
             ... on level 4 of the Dungeon.
             The game lasted 00:07:35 (3365 turns).

voltaire321 the Covered (Minotaur Fighter)          Turns: 3365, Time: 00:07:35

Health: -17/55     AC:  8    Str: 23    XL:     6   Next: 13%
Magic:  5/5        EV:  9    Int:  5    God:
Gold:   151        SH: 12    Dex:  9    Spells: 5/5 levels left

rFire    . . .     SeeInvis .   a - +0 long sword
rCold    . . .     Faith    .   m - +2 kite shield
rNeg     . . .     Spirit   .   d - +0 swamp dragon scales
rPois    +         Reflect  .   (helmet restricted)
rElec    .         Harm     .   (no cloak)
rCorr    .         Rampage  .   (no gloves)
Will     .....                  (no boots)
Stlth    ..........             (no amulet)
HPRegen  0.18/turn              (no ring)
MPRegen  0.09/turn              (no ring)

@: no status effects
A: horns 2, retaliatory headbutt
a: no special abilities


You were on level 4 of the Dungeon.
You visited 1 branch of the dungeon, and saw 4 of its levels.

You collected 151 gold pieces.

Inventory:

Hand Weapons
 a - a +0 long sword (weapon)
Armour
 d - +0 swamp dragon scales (worn)
 m - a +2 kite shield (worn)
Scrolls
 c - a scroll of blinking {unknown}
 g - a scroll of identify {unknown}
 h - a scroll of immolation {unknown}
 i - 2 scrolls of magic mapping {unknown}
 k - a scroll of amnesia {unknown}
Potions
 e - a potion of flight {unknown}
 f - 2 potions of heal wounds
 j - a potion of resistance {unknown}
 l - a potion of curing {unknown}


   Skills:
 + Level 4.9 Fighting
 + Level 4.0 Long Blades
 + Level 4.9 Armour
 + Level 2.7 Dodging
 + Level 4.9 Shields


You had 5 spell levels left.
You didn't know any spells.
Your spell library contained the following spells:

 Spells                   Type           Power      Damage    Failure   Level
 Animate Skeleton         Necr           0%         N/A       96%         1
 Pain                     Necr           0%         1d4       96%         1
 Frozen Ramparts          Ice            0%         1d2       100%        3
 Vampiric Draining        Necr           0%         2d6       100%        3
 Ice Form                 Ice/Tmut       0%         N/A       100%        4
 Summon Ice Beast         Ice/Summ       0%         N/A       100%        4


Dungeon Overview and Level Annotations

Branches:
Dungeon (4/15)
 Temple: D:4-7

Altars:
Uskayaw

Shops:
D:3 [


Innate Abilities, Weirdness & Mutations

You have a pair of horns on your head.
You reflexively headbutt those who attack you in melee.


Message History

A jelly comes into view.
The jelly quivers.
Found 17 poisoned darts.
An ogre comes into view. It is wielding a +0 giant club.
The ogre shouts!
There is an open door here.
The jelly hits you. The acid corrodes you!
You are splashed with acid!
You hit the jelly but do no damage.
Your hands burn!
The jelly hits you but does no damage.
There is an open door here.
You slash the jelly!
Your hands burn!
The jelly is moderately wounded.
The jelly barely misses you.
You riposte.
You hit the jelly. You headbutt the jelly.
The jelly is severely wounded.
The jelly misses you.
You hit the jelly but do no damage.
Your hands burn!
Your headbutt misses the jelly.
The jelly is heavily wounded.
The jelly hits you but does no damage.
You slash the jelly!
You kill the jelly!
Your Long Blades skill increases to level 4!
You hit the ogre but do no damage. You headbutt the ogre!
The ogre is moderately wounded.
The ogre closely misses you.
Your shield and swamp dragon scales prevent you from hitting the ogre.
The ogre is moderately wounded.
You block the ogre's attack.
You barely miss the ogre. You headbutt the ogre.
The ogre is heavily wounded.
You are no longer corroded.
You block the ogre's attack.
The ogre hits you with a +0 giant club!!
* * * LOW HITPOINT WARNING * * *
You barely miss the ogre. Your headbutt misses the ogre.
The ogre is heavily wounded.
The ogre hits you with a +0 giant club!!
Ouch! That really hurt!
You die...

.# ##.#####
#.........# .# #.#
#####.##### .# #.#
#.# .# ##+# #.# .#
##...# #.# .#
#.....# ####.# .#
.......## ##.##.##
........####...#..#
........'O@.....#.#
........####...##.#
....(..## ##.###.#
#.....# ### #.#
##...# ..# ##+# ###


You could see an ogre.

Vanquished Creatures
  A water moccasin zombie (D:3)
  A jelly (D:4)
  2 orc priests (D:3)
  4 gnolls
  3 adders (D:2)
  2 adder skeletons (D:4)
  2 worms
  2 dart slugs
  10 orcs (D:3)
  4 ball pythons
  8 bats
  2 endoplasms (D:2)
  4 hobgoblins
  3 jackals (D:1)
  4 quokkas
  4 frilled lizards
  4 goblins
  8 kobolds
  2 rats (D:1)
70 creatures vanquished.

Notes
Turn   | Place    | Note
-------+----------+-------------------------------------------
     0 | D:1      | voltaire321 the Minotaur Fighter began the quest for the
                  | Orb.
     0 | D:1      | Reached XP level 1. HP: 19/19 MP: 0/0
   105 | D:1      | Reached XP level 2. HP: 8/27 MP: 1/1
   438 | D:1      | Reached skill level 1 in Dodging
   651 | D:1      | Reached XP level 3. HP: 33/33 MP: 2/2
  1061 | D:2      | Found a faded altar of an unknown god.
  1520 | D:2      | Reached XP level 4. HP: 10/40 MP: 3/3
  1521 | D:2      | HP: 2/40 [poisoned by a gnoll]
  1725 | D:2      | Found a hide-covered altar of Uskayaw.
  2390 | D:3      | Reached XP level 5. HP: 27/47 MP: 4/4
  2864 | D:3      | Found Guba's Antique Armour Emporium.
  3325 | D:4      | Reached XP level 6. HP: 55/55 MP: 5/5
  3365 | D:4      | Demolished by an ogre

Illustrated notes

Levels and vault maps discovered:
D:1:      tarquinn_simple_flora_water_b, layout_loops_ring, hex_medium
D:2:      layout_loops_ring, basic_altar, chequers_ecumenical_altar_island
D:3:      layout_loops_cross, serial_shops, shop, chequers_serial_rivers_micro_a
D:4:      layout_loops_corners, minmay_misc_feat_pillars

Skill      XL: |  1  2  3  4  5  6 |
---------------+-------------------+-----
Dodging        | 1 2 |  2.7
Armour         | 4 |  4.9
Shields        | 4 |  4.9
Fighting       | 4 |  4.9
Long Blades    | 3 4 |  4.0

Action                   |  1- 3 |  4- 6 || total
-------------------------+-------+-------++-------
Melee: Long sword        |    56 |   100 ||   156
       Headbutt          |    10 |    18 ||    28
  Use: Potion            |     2 |     1 ||     3
Armor: Scale mail        |    23 |    15 ||    38
       Swamp dragon scal |       |    12 ||    12
Dodge: Dodged            |    21 |    34 ||    55
Block: Kite shield       |    38 |    72 ||   110
       Rpst.: Long sword |     7 |     5 ||    12
